 Dungeon Crawl Stone Soup version 0.25-a0-1133-g93ebf739aa (webtiles) character file.

Game seed: 14353827506327240543, levelgen mode: deterministic

140 Error4North the Shield-Bearer (level 5, -1/47 HPs)
             Began as a Hill Orc Fighter on May 21, 2020.
             Splashed by Ijyb's acid (13 damage)
             ... on level 3 of the Dungeon.
             The game lasted 00:04:59 (2467 turns).

Error4North the Shield-Bearer (Hill Orc Fighter)    Turns: 2467, Time: 00:04:59

Health: -1/47      AC:  5    Str: 20    XL:     5   Next: 23%
Magic:  5/5        EV:  5    Int:  8    God:
Gold:   85         SH:  9    Dex: 10    Spells: 4/4 levels left

rFire    . . .     SeeInvis .   a - +0 war axe
rCold    . . .     Gourm    .   c - +0 kite shield
rNeg     . . .     Faith    .   k - +0 chain mail
rPois    .         Spirit   .   (no helmet)
rElec    .         Reflect  .   (no cloak)
rCorr    .         Harm     .   (no gloves)
MR       .....                  (no boots)
Stlth    ..........             (no amulet)
HPRegen  0.15/turn              (no ring)
MPRegen  0.09/turn              (no ring)

@: corroded
A: no striking features
a: no special abilities


You were on level 3 of the Dungeon.
You were hungry.

You visited 1 branch of the dungeon, and saw 3 of its levels.

You collected 85 gold pieces.

Inventory:

Hand Weapons
 a - a +0 war axe (weapon)
Armour
 c - a +0 kite shield (worn)
 k - a +0 chain mail (worn)
Jewellery
 j - a +6 ring of strength {unknown}
Scrolls
 b - a scroll of enchant armour {unknown}
 g - a scroll of enchant weapon {unknown}
 h - 3 scrolls of identify {unknown}
 i - a scroll of magic mapping {unknown}
 m - a scroll of amnesia {unknown}
Potions
 d - a potion of might
 e - a potion of curing {unknown}
 n - a potion of haste {unknown}
Comestibles
 f - 8 rations


   Skills:
 * Level 4.3 Fighting
 + Level 3.9 Axes
 * Level 4.2 Armour
 + Level 0.6 Dodging
 * Level 4.5 Shields


You had 4 spell levels left.
You didn't know any spells.
Your spell library was empty.

Dungeon Overview and Level Annotations

Branches:
Dungeon (3/15)

Altars:

Annotations:
D:3 Ijyb


Message History

Ijyb is moderately wounded.
Ijyb zaps a wand.
The bolt of acid misses you. You block Ijyb's attack.
You hit Ijyb but do no damage.
Ijyb is moderately wounded.
Ijyb hits you.
You barely miss Ijyb.
Ijyb is moderately wounded.
Ijyb hits you but does no damage.
You completely miss Ijyb.
Ijyb is moderately wounded.
You block Ijyb's attack. x2
You closely miss Ijyb.
Ijyb is moderately wounded.
Ijyb barely misses you.
Your chain mail prevents you from hitting Ijyb.
Ijyb is moderately wounded.
Ijyb hits you but does no damage.
Ijyb zaps a wand.
The bolt of acid hits you!
* * * LOW HITPOINT WARNING * * *
You are splashed with acid!
You die...

##...# #....... .....##
#..........#
##....#######..........#
.#.................#...#
.......................#
.#.....##...............
.......#####..##........
.....#........##.g......
.....#..####....@)>.....
#....##.####.##.#...####
.............#....#.#
#.....................
......................#
........#.#####.......#
...........# #.......
##.........# #.......#
...)รท......#


You could see Ijyb.

Vanquished Creatures
  A centaur skeleton (D:3)
  3 adders
  3 worms
  5 dart slugs
  3 leopard geckos
  10 bats
  4 giant cockroaches
  11 goblins
  6 hobgoblins
  5 kobolds
  A ball python (D:3)
  4 frilled lizards (D:1)
  10 rats
66 creatures vanquished.

Notes
Turn   | Place    | Note
-------+----------+-------------------------------------------
     0 | D:1      | Error4North the Hill Orc Fighter began the quest for the
                  | Orb.
     0 | D:1      | Reached XP level 1. HP: 19/19 MP: 1/1
    61 | D:1      | Reached XP level 2. HP: 17/27 MP: 2/2
   563 | D:1      | Reached XP level 3. HP: 32/33 MP: 3/3
  1132 | D:2      | Reached XP level 4. HP: 19/40 MP: 4/4
  2197 | D:3      | Reached XP level 5. HP: 40/47 MP: 5/5
  2452 | D:3      | Noticed Ijyb
  2467 | D:3      | Splashed by Ijyb's acid

Illustrated notes

Levels and vault maps discovered:
D:1:      co_arrival_square_in_a_square_in_a_square, layout_basic,
          minmay_cut_off
D:2:      layout_basic, first_ration, minmay_indecisive_spiral
D:3:      layout_rooms, nicolae_overflow_crystal_walls,
          chequers_decorated_corner, grunt_ministairs_1, uniq_ijyb

Skill      XL: |  1  2  3  4 |
---------------+-------------+-----
Shields        | 4 |  4.5
Fighting       | 4 |  4.3
Axes           | 3 |  3.9
Armour         | 4 |  4.2
Dodging        | |  0.6

Action                   |  1- 3 |  4- 6 || total
-------------------------+-------+-------++-------
Melee: War axe           |   143 |   122 ||   265
  Eat: Chunk             |     1 |     4 ||     5
Armor: Scale mail        |    97 |     3 ||   100
       Chain mail        |       |    72 ||    72
Dodge: Dodged            |    46 |    35 ||    81
Block: Kite shield       |    80 |    62 ||   142

Table legend:
 A = Non-vault XP
 B = Vault XP
 C = Vault XP percentage of total XP
 D = Non-vault monster count
 E = Vault monster count
 F = Vault count percentage of total count
                 A         B        C        D         E       F
            +---------+---------+-------+---------+---------+-------
      Total |     181 |      20 |  10.0 |      57 |       9 |  13.6
            +---------+---------+-------+---------+---------+-------
        D:1 |      47 |       6 |  11.3 |      27 |       3 |  10.0
        D:2 |      60 |       8 |  11.8 |      17 |       4 |  19.0
        D:3 |      74 |       6 |   7.5 |      13 |       2 |  13.3
            +---------+---------+-------+---------+---------+-------
